 Dungeon Crawl Stone Soup version 0.31-a0-1620-gcbf77bbcfc (webtiles) character file.

Game seed: 11641724385490072711

352 Dittersdorf the Shield-Bearer (level 6, -9/40 HPs)
             Began as a Gargoyle Fighter on Jan 11, 2024.
             Killed from afar by a gnoll (11 damage)
             ... with a bolt of acid
             ... on level 3 of the Dungeon.
             The game lasted 00:04:41 (4197 turns).

Dittersdorf the Shield-Bearer (Gargoyle Fighter)    Turns: 4197, Time: 00:04:41

Health: -9/40      AC: 14    Str: 21    XL:     6   Next: 62%
Magic:  6/6        EV:  9    Int:  9    God:
Gold:   290        SH:  4    Dex:  9    Spells: 5/5 levels left

rFire   . . .        B - +3 whip
rCold   . . .        c - +0 buckler
rNeg    + . .        b - +0 scale mail
rPois   ∞            e - +0 helmet
rElec   +            (no cloak)
rCorr   .            (no gloves)
SInv    .            q - +0 pair of boots
Will    .....        (no amulet) Stlth
                     (no ring)
HPRegen 0.26/turn    (no ring)
MPRegen 0.10/turn

%: no passive effects
@: weakened
A: sickness immunity, AC +4, negative energy resistance 1, electricity
resistance, torment resistance 1, petrification resistance
a: no special abilities


You were on level 3 of the Dungeon.
You visited 1 branch of the dungeon, and saw 4 of its levels.

You collected 290 gold pieces.

Inventory:

Hand Weapons
 a - a +0 flail
 B - a +3 whip (weapon)
Missiles
 v - 4 poisoned darts (quivered)
Armour
 b - a +0 scale mail (worn)
 c - a +0 buckler (worn)
 e - a +0 helmet (worn)
 q - a +0 pair of boots (worn)
Jewellery
 A - the amulet of Darkness {Acrobat +Inv Int+3 Slay-5}
   (You took it off a gnoll on level 3 of the Dungeon)

   [amulet of the acrobat]

   Acrobat:   It increases your evasion while moving and waiting.
   Int+3:     It affects your intelligence (+3).
   Slay-5:    It affects your accuracy & damage with ranged weapons and melee
   (-5).
   +Inv:      It lets you turn invisible.
Scrolls
 g - 2 scrolls of poison {unknown}
 h - 4 scrolls of teleportation {unknown}
 i - a scroll of enchant weapon {unknown}
 k - 3 scrolls of identify {unknown}
 n - 3 scrolls of revelation {unknown}
 o - a scroll of butterflies {unknown}
 r - 2 scrolls of fog {unknown}
 t - a scroll of enchant armour {unknown}
 u - 2 scrolls of vulnerability {unknown}
 y - a scroll of noise {unknown}
Potions
 d - a potion of might
 f - a potion of degeneration {unknown}
 j - a potion of brilliance {unknown}
 l - a potion of berserk rage {unknown}
 m - a potion of haste {unknown}
 p - a potion of invisibility {unknown}
 s - a potion of attraction {unknown}
 w - a potion of lignification {unknown}
 x - a potion of enlightenment {unknown}
 z - a potion of curing {unknown}


   Skills:
 + Level 4.8 Fighting
 + Level 3.7 Maces & Flails
 + Level 4.8 Armour
 + Level 4.9 Shields


You had 5 spell levels left.
You didn't know any spells.
Your spell library was empty.

Dungeon Overview and Level Annotations

Branches:
Dungeon (4/15)
 Temple: D:4-7

Altars:
Xom


Innate Abilities, Weirdness & Mutations

You are immune to sickness and miasma.
Your stone body is resilient. (AC +4)
You are immune to poison.
You resist negative energy. (rN+)
You are resistant to electric shocks. (rElec)
You are resistant to unholy torment.
You are immune to petrification.


Message History

The gnoll hits you with a +0 spear.
The gnoll hits you with a +3 spear of venom!
The gnoll bouda barks out a call to the hunt!
The gnolls pick up the pace!
The gnoll barely misses you. The gnoll hits you with a +0 flail.
The gnoll hits you with a +3 spear of venom.
You block the gnoll's attack. The gnoll bouda misses you.
The gnoll hits you from afar with a +0 halberd.
The gnoll hits you from afar with a +0 spear.
You block the gnoll's attack. The gnoll bouda closely misses you.
The gnoll barely misses you. x2
The gnoll bouda attacks as it pursues you!
The gnoll bouda hits you but does no damage.
The gnoll barely misses you. The gnoll attacks as it pursues you!
The gnoll barely misses you. The gnoll attacks as it pursues you!
You block the gnoll's attack.
The gnoll bouda attacks as it pursues you!
The gnoll bouda hits you but does no damage.
You block the gnoll's attack.
There is an open translucent door here.
The gnoll bouda attacks as it pursues you!
The gnoll bouda hits you with a +0 whip!
* * * LOW HITPOINT WARNING * * *
The gnoll bouda gazes fiercely through you!
You feel your attacks grow feeble.
The gnoll bouda attacks as it pursues you!
The gnoll bouda hits you with a +0 whip.
* * * LOW HITPOINT WARNING * * *
The gnoll barely misses you.
There is a transporter here.
You enter the transporter and appear at another place.
The gnoll hits you with a +0 halberd.
* * * LOW HITPOINT WARNING * * *
The gnoll bouda gazes fiercely through you!
You feel as though you will be weak longer.
You block the gnoll bouda's attack.
The gnoll is no longer moving quickly.
The gnoll zaps a wand.
The bolt of acid hits you!
You die...

....≈≈.8#.######'######.#8.≈≈...#
##..≈≈.##.#.⌠.#..8# ..#.##.≈≈....
....~~.#..g.....©⌠# .'..#.~~...#
....≈≈.##.#.⌠.#..8# .#.##.≈≈...#
..#.≈≈.8#.######'######.#8.≈≈...#
..+.≈≈###...............###≈≈.#.#
..#.≈≈#...###.#####.###...#≈≈....
..#.≈≈#.#.#)###g©)###.#.#.#≈≈..##
....≈≈#####.....@g....#####≈≈....
....≈≈≈≈≈≈≈≈≈≈≈≈~≈≈≈≈≈≈≈≈≈≈≈≈....
....≈≈≈≈≈≈≈≈≈≈≈≈~≈≈≈≈≈≈≈≈≈≈≈≈....
.................................
.........................###.#...
...............<........####.....
§..........................###...
§≈§........................# #...
..§.##........###..........# #...


You could see a gnoll bouda and a gnoll.

Vanquished Creatures
  The ghost of kairosrom117 the Firebug, an amateur DrFE (D:3)
  A hound (D:4)
  Natasha (thrice) (D:2)
  An orc wizard (D:3)
  Ijyb (D:4)
  3 gnolls
  3 adders
  2 dart slugs
  3 ribbon worms
  3 orcs (D:3)
  4 bats
  5 endoplasms
  5 goblins
  5 hobgoblins
  4 quokkas
  4 ball pythons
  2 frilled lizards
  4 kobolds
  5 rats
59 creatures vanquished.

Notes
Turn   | Place    | Note
-------+----------+-------------------------------------------
     0 | D:1      | Dittersdorf the Gargoyle Fighter began the quest for the
                  | Orb.
     0 | D:1      | Reached XP level 1. HP: 14/14 MP: 1/1
     9 | D:1      | Reached XP level 2. HP: 19/19 MP: 2/2
   778 | D:1      | Reached XP level 3. HP: 6/23 MP: 3/3
   936 | D:2      | Found a faded altar of an unknown god.
  1069 | D:2      | HP: 1/24 [ribbon worm (2)]
  1292 | D:2      | Noticed Natasha
  1303 | D:2      | Killed Natasha
  1304 | D:2      | Reached XP level 4. HP: 29/29 MP: 4/4
  1504 | D:2      | Noticed Natasha
  1517 | D:2      | Killed Natasha
  1595 | D:2      | Noticed Natasha
  1604 | D:2      | Killed Natasha
  1605 | D:2      | Reached XP level 5. HP: 29/33 MP: 5/5
  1733 | D:2      | Found a faded altar of an unknown god.
  2105 | D:3      | Found a transporter.
  2117 | D:3      | Identified the +1 scale mail "Diuraxi" {^Contam Rampage
                  | +Inv Will+}
  2122 | D:3      | Identified the amulet of Darkness {Acrobat +Inv Int+3
                  | Slay-5}
  2477 | D:3      | Found a shimmering altar of Xom.
  2610 | D:3      | Found a transporter.
  2611 | D:3      | Noticed kairosrom117's ghost (amateur DrFE)
  2745 | D:4      | Noticed Ijyb
  2790 | D:4      | Killed Ijyb
  2974 | D:4      | Reached XP level 6. HP: 30/39 MP: 6/6
  3423 | D:3      | Killed kairosrom117's ghost
  4196 | D:3      | HP: 2/40 [gnoll/+0 halberd (5)]
  4197 | D:3      | Killed from afar by a gnoll

Illustrated notes

Levels and vault maps discovered:
D:1:      nicolae_arrival_washed_ashore, layout_loops_ring
D:2:      layout_rooms, ebering_ecumenical_altar_hall, minmay_pentomino_t2,
          uniq_natasha
D:3:      layout_basic, mainiacjoe_overflow_concentric_impassable,
          gammafunk_ghost_gnarly_gnolls
D:4:      layout_basic, uniq_ijyb

Skill      XL: |  1  2  3  4 |
---------------+-------------+-----
Armour         | 4 |  4.8
Shields        | 4 |  4.9
Fighting       | 4 |  4.8
Maces & Flails | 3 |  3.7

Action                     |  1- 3 |  4- 6 || total
---------------------------+-------+-------++-------
  Melee: Flail             |   105 |   175 ||   280
  Throw: Dart              |       |     6 ||     6
    Use: Potion            |       |     1 ||     1
 Armour: Scale mail        |    93 |   232 ||   325
  Dodge: Dodged            |    64 |   119 ||   183
  Block: Buckler           |    30 |    57 ||    87

Table legend: (Time is in decaauts)
 A = Elapsed time spent in this place.
 B = Non-inter-level travel time spent in this place.
 C = Inter-level travel time spent in this place.
 D = Time resting spent in this place.
 E = Time spent auto-exploring this place.
 F = Levels seen in this place.
 G = Mean time per level.
                   A        B        C        D        E       F      G
               +--------+--------+--------+--------+--------+-----+--------+
         Total |   4300 |   3862 |    438 |    586 |   2543 |   4 | 1075.0 |
       Dungeon |   4300 |   3862 |    438 |    586 |   2543 |   4 | 1075.0 |
               +--------+--------+--------+--------+--------+-----+--------+

Top non-repeatable levels by time:
     D:3: 1604 daAuts
     D:2: 1138 daAuts
     D:1: 902 daAuts
     D:4: 654 daAuts
